 Dungeon Crawl Stone Soup version 0.31-a0-810-ga77100ea1a (webtiles) character file.

Game seed: 8253255730760358592

394 javelincjr the Ruffian (level 6, 0/46 HPs)
             Began as a Demonspawn Shapeshifter on Sept 21, 2023.
             Slain by a gnoll
             ... wielding a +3 vampiric spear
              (1 damage)
             ... on level 4 of the Dungeon.
             The game lasted 00:08:42 (3353 turns).

javelincjr the Ruffian (Demonspawn Shapeshifter)    Turns: 3353, Time: 00:08:43

Health: 0/46       AC: 11    Str: 17    XL:     6   Next: 52%
Magic:  6/6        EV: 11    Int: 11    God:
Gold:   57         SH:  4    Dex: 12    Spells: 5/5 levels left

rFire   + . .        C - +2 dagger (speed)
rCold   . . .        (no shield)
rNeg    . . .        t - +2 ring mail {rF+}
rPois   .            (helmet currently unavailable)
rElec   .            (cloak currently unavailable)
rCorr   .            (gloves currently unavailable)
SInv    +            (boots currently unavailable)
Will    .....        (no amulet)
Stlth   +            n - ring of see invisible
HPRegen 0.27/turn    i - +4 ring of protection
MPRegen 0.10/turn

%: no passive effects
@: beast-form
A: beast (slay +2), hooves 1, horns 1, condensation shield
a: Begin Untransformation


You were on level 4 of the Dungeon.
You were a hulking beast.
You visited 1 branch of the dungeon, and saw 4 of its levels.

You collected 145 gold pieces.
You spent 88 gold pieces at shops.

Inventory:

Hand Weapons
 C - a +2 dagger of speed (weapon)
Missiles
 h - 6 javelins
 k - 7 boomerangs
 m - 14 poisoned darts
Armour
 a - a +0 animal skin
 t - a +2 ring mail of fire resistance (worn)
 D - the +1 leather armour "Vuc Puv" {rPois}
   (You found it on level 4 of the Dungeon)

   rPois:     It protects you from poison
Jewellery
 g - a ring of protection from fire
 i - a +4 ring of protection (right hand)
 n - a ring of see invisible (left hand)
Talismans
 c - a beast talisman (active)
 d - a flux talisman
Wands
 v - a wand of quicksilver (9)
 E - a wand of flame (15)
Scrolls
 j - a scroll of revelation
 o - a scroll of fog {unknown}
 p - a scroll of amnesia {unknown}
 r - a scroll of blinking {unknown}
 s - 2 scrolls of noise {unknown}
 u - a scroll of teleportation {unknown}
 x - a scroll of brand weapon {unknown}
 y - 2 scrolls of identify {unknown}
 z - a scroll of enchant weapon {unknown}
 B - a scroll of poison {unknown}
 F - a scroll of fear {unknown}
Potions
 b - a potion of lignification
 e - a potion of invisibility {unknown}
 f - 2 potions of ambrosia {unknown}
 l - 2 potions of curing
 q - a potion of degeneration {unknown}
 w - 2 potions of haste {unknown}
 A - a potion of heal wounds
 G - a potion of might {unknown}


   Skills:
 + Level 2.8 Fighting
 + Level 1.7 Armour
 + Level 2.9 Dodging
 * Level 4.2 Unarmed Combat
 * Level 3.9 Shapeshifting


You had 5 spell levels left.
You didn't know any spells.
Your spell library contained the following spells:

 Spells                   Type           Power      Damage    Failure   Level
 Kiss of Death            Conj/Necr      0%         2d5       54%         1
 Ensorcelled Hibernation  Hex/Ice        0%         N/A       67%         2
 Jinxbite                 Hex            0%         N/A       67%         2
 Passwall                 Tmut/Erth      0%         N/A       67%         2
 Confusing Touch          Hex            0%         N/A       88%         3
 Swiftness                Air            0%         N/A       88%         3
 Anguish                  Hex/Necr       0%         N/A       99%         4
 Animate Dead             Necr           0%         N/A       99%         4
 Dispel Undead            Necr           0%         3d6       99%         4
 Borgnjor's Vile Clutch   Necr/Erth      0%         N/A       100%        5
 Death Channel            Necr           0%         N/A       100%        6


Dungeon Overview and Level Annotations

Branches:
Dungeon (4/15)
 Temple: D:4-7

Altars:
Gozag
Ru

Shops:
D:4 !

Annotations:
D:4 1 transporter, lunkers's ghost, amateur MeWn


Innate Abilities, Weirdness & Mutations

You are a hulking beast.
Your limbs bulge with bestial killing power. (Slay +2)
You have large cloven feet.
You have a pair of small horns on your head.
A meltable shield of frost defends you. (SH +4)


Message History

You writhe in agony.
You hit the gnoll sergeant.
The gnoll sergeant is lightly wounded.
The gnoll sergeant hits you but does no damage.
You hit the gnoll sergeant but do no damage.
You headbutt the gnoll sergeant!
The gnoll sergeant is heavily wounded.
The gnoll sergeant blocks your attack.
Your kick misses the gnoll sergeant.
The gnoll sergeant is heavily wounded.
The gnoll sergeant hits you with a +3 trident of pain.
You barely miss the gnoll sergeant.
You kick the gnoll sergeant, but do no damage.
The gnoll sergeant is heavily wounded.
The gnoll sergeant hits you with a +3 trident of pain!
You writhe in agony.
You hit the gnoll sergeant. You kick the gnoll sergeant.
The gnoll sergeant is severely wounded.
The gnoll sergeant blocks your attack.
The gnoll sergeant is severely wounded.
You block the gnoll sergeant's attack.
You hit the gnoll sergeant. You headbutt the gnoll sergeant.
The gnoll sergeant is almost dead.
The gnoll sergeant hits you with a +3 trident of pain.
You writhe in agony.
You hit the gnoll sergeant.
You kill the gnoll sergeant!
Items here: $ ( ) [[ †.
Okay, then.
The gnoll bouda shouts!
The gnoll bouda barks out a call to the hunt!
The gnoll picks up the pace!
The gnoll zaps a wand.
Your mind is blasted!
* * * LOW HITPOINT WARNING * * *
The gnoll barely misses you.
The gnoll zaps a wand.
Your mind is blasted!
* * * LOW HITPOINT WARNING * * *
You hit the gnoll. You kick the gnoll.
You headbutt the gnoll, but do no damage.
The gnoll is heavily wounded.
The gnoll hits you with a +3 vampiric spear.
You die...

#.##.≈≈#,#.#.###.©.###.#.#.#≈≈.#.
#.##.≈≈#g..###g#####.###...#≈≈.#.
.....≈≈###.(......g......###≈≈.#.
####.≈≈.8#.######'######.#8.≈≈.#.
###.≈≈.##.#gWg#8..#.⌠.#.##.≈≈.#.
#...~~.#..'$.:#⌠©.....'.g#.~~.#.
#.#.≈≈.##.#...#8..#.⌠.#.##.≈≈.#.
##.#.≈≈.8#.######)######.#8.≈≈.#.
.....≈≈###...g.gh..).....###≈≈.##
.#.#.≈≈#...###©#####.###...#≈≈.#
.....≈≈#W#.#.###.©.###.#.#.#≈≈.##
.....≈≈#####...........#####≈≈.+.
.....≈≈≈≈≈≈≈≈≈≈≈≈~≈≈≈≈≈≈≈≈≈≈≈≈.##
.#.#.≈≈≈≈≈≈≈≈≈≈≈≈~≈≈≈≈≈≈≈≈≈≈≈≈.#
.###..)........................#
.###..##..#####.#...#####..<##.##
..........# #.......# ##'###...


You could see a gnoll bouda and 2 gnolls.

Vanquished Creatures
  A gnoll sergeant (D:4)
  A howler monkey (D:4)
  An orc priest (D:3)
  A jelly (D:4)
  An iguana (D:4)
  2 orc wizards (D:3)
  A gnoll (D:4)
  6 adders
  5 worms
  A dart slug (D:1)
  3 orcs
  6 ball pythons
  5 bats
  7 endoplasms
  6 giant cockroaches
  5 goblins
  4 hobgoblins
  4 jackals
  3 kobolds
  9 quokkas
  6 frilled lizards
  5 rats
83 creatures vanquished.

Notes
Turn   | Place    | Note
-------+----------+-------------------------------------------
     0 | D:1      | javelincjr the Demonspawn Shapeshifter began the quest for
                  | the Orb.
     0 | D:1      | Reached XP level 1. HP: 15/15 MP: 1/1
    40 | D:1      | Found a faded altar of an unknown god.
    53 | D:1      | Prayed at the altar of an unknown god.
    53 | D:1      | Became a worshipper of Ru the Awakened
    62 | D:1      | Fell from the grace of Ru
   174 | D:1      | Discovered your monstrous ancestry.
   174 | D:1      | Gained mutation: You have a pair of small horns on your
                  | head. [demonic ancestry]
   174 | D:1      | Reached XP level 2. HP: 21/21 MP: 2/2
   744 | D:1      | Reached skill level 3 in Unarmed Combat
  1082 | D:2      | Reached XP level 3. HP: 27/27 MP: 3/3
  1868 | D:3      | Gained mutation: You have large cloven feet. [demonic
                  | ancestry]
  1868 | D:3      | Reached XP level 4. HP: 29/33 MP: 4/4
  2035 | D:3      | Reached skill level 1 in Armour
  2035 | D:3      | Gained mutation: A meltable shield of frost defends you.
                  | (SH +4) [demonic ancestry]
  2035 | D:3      | Reached XP level 5. HP: 34/38 MP: 5/5
  2160 | D:3      | Found an opulent altar of Gozag.
  2500 | D:4      | Found a transporter.
  2501 | D:4      | Identified the +1 ring mail "Bosheff" {rF+ Int+3}
  2501 | D:4      | Identified the -2 kite shield "Vixehoq" {rElec}
  2620 | D:4      | Found Goymuj's Distillery.
  2626 | D:4      | Bought a potion of heal wounds for 55 gold pieces
  2626 | D:4      | Bought a potion of curing for 33 gold pieces
  2689 | D:4      | Identified the +1 leather armour "Vuc Puv" {rPois}
  2880 | D:4      | Reached skill level 4 in Unarmed Combat
  2880 | D:4      | Reached XP level 6. HP: 46/46 MP: 6/6
  3113 | D:4      | Found a transporter.
  3266 | D:4      | Noticed lunkers's ghost (amateur MeWn)
  3352 | D:4      | HP: 1/46 [disintegration (8)]
  3353 | D:4      | Slain by a gnoll

Illustrated notes

Levels and vault maps discovered:
D:1:      nagdon_arrival_zigzag_paths, layout_basic,
          nicolae_ecumenical_snake_handling, roderic_lattice_a
D:2:      layout_basic
D:3:      layout_rooms, chequers_temple_overflow_statue_of_worship
D:4:      layout_loops_corners, gammafunk_ghost_gnarly_gnolls, serial_shops,
          shop, minmay_box_of_dots

Skill      XL: |  1  2  3  4  5 |
---------------+----------------+-----
Dodging        | 2 |  2.9
Unarmed Combat | 3 4 |  4.2
Shapeshifting  | 3 |  3.9
Fighting       | 2 |  2.8
Armour         | 1 |  1.7

Action                     |  1- 3 |  4- 6 || total
---------------------------+-------+-------++-------
  Melee: Unarmed           |   163 |    60 ||   223
         Punch             |     5 |     1 ||     6
         Headbutt          |    31 |    22 ||    53
         Kick              |       |    28 ||    28
         Dagger            |       |    44 ||    44
 Invoke: Renounce Religion |     1 |       ||     1
    Use: Scroll            |       |     1 ||     1
   Stab: Sleeping          |     3 |       ||     3
 Armour: Animal skin       |    40 |       ||    40
         Ring mail         |    11 |    37 ||    48
  Dodge: Dodged            |    46 |    42 ||    88
  Block: Other             |       |     6 ||     6

Table legend: (Time is in decaauts)
 A = Elapsed time spent in this place.
 B = Non-inter-level travel time spent in this place.
 C = Inter-level travel time spent in this place.
 D = Time resting spent in this place.
 E = Time spent auto-exploring this place.
 F = Levels seen in this place.
 G = Mean time per level.
                   A        B        C        D        E       F      G
               +--------+--------+--------+--------+--------+-----+--------+
         Total |   3321 |   3122 |    199 |     43 |   2452 |   4 |  830.2 |
       Dungeon |   3321 |   3122 |    199 |     43 |   2452 |   4 |  830.2 |
               +--------+--------+--------+--------+--------+-----+--------+

Top non-repeatable levels by time:
     D:1: 1018 daAuts
     D:4: 868 daAuts
     D:2: 823 daAuts
     D:3: 611 daAuts
